 Dungeon Crawl Stone Soup version 0.29-a0-234-g0dae59b3db (webtiles) character file.

Game seed: 8286366101759212032

292 Aksej the Cudgeller (level 6, -3/70 HPs)
             Began as a Demonspawn Gladiator on Mar 3, 2022.
             Slain by a killer bee (4 damage)
             ... on level 4 of the Dungeon.
             The game lasted 00:07:54 (4242 turns).

Aksej the Cudgeller (Demonspawn Gladiator)          Turns: 4242, Time: 00:07:54

Health: -3/70      AC:  4    Str: 16    XL:     6   Next: 10%
Magic:  6/6        EV: 11    Int: 10    God:
Gold:   117        SH:  8    Dex: 16    Spells: 4/5 levels left

rFire   . . .      SeeInvis .   a - +0 flail
rCold   . . .      Faith    .   e - +0 kite shield
rNeg    . . .      Spirit   .   b - +0 leather armour
rPois   .          Reflect  .   c - +0 helmet
rElec   .          Harm     .   (no cloak)
rCorr   .          Rampage  .   (no gloves)
Will    .....                   (no boots)
Stlth   ..........              (no amulet)
HPRegen 0.21/turn               (no ring)
MPRegen 0.10/turn               (no ring)

@: mighty, berserking, lethally poisoned (-3 -> -14), very quick
A: thin skeletal structure 1, foul stench 2
a: no special abilities


You were on level 4 of the Dungeon.
You visited 1 branch of the dungeon, and saw 4 of its levels.

You collected 117 gold pieces.

Inventory:

Hand Weapons
 a - a +0 flail (weapon)
Armour
 b - a +0 leather armour (worn)
 c - a +0 helmet (worn)
 e - a +0 kite shield (worn)
 o - the +0 cloak of Fug Zeul {rF+}
   (You found it on level 4 of the Dungeon)

   rF:        It protects you from fire.
 q - a +0 cloak
Scrolls
 g - a scroll of fog
 h - a scroll of teleportation
 j - a scroll of magic mapping
 k - a scroll of enchant weapon
 p - a scroll of amnesia {unknown}
 r - a scroll of acquirement {unknown}
Potions
 f - a potion of curing
 i - a potion of haste


   Skills:
 * Level 3.4 Fighting
 + Level 4.2 Maces & Flails
 + Level 1.9 Throwing
 + Level 1.3 Armour
 + Level 3.2 Dodging
 + Level 1.7 Stealth
 + Level 1.5 Shields
 + Level 0.1 Spellcasting


You had 4 spell levels left.
You knew the following spells:

 Your Spells              Type           Power      Damage    Failure   Level
a - Magic Dart            Conj           0%         1d3       83%         1

Your spell library contained the following spells:

 Spells                   Type           Power      Damage    Failure   Level
 Beastly Appendage        Tmut           0%         N/A       83%         1
 Freeze                   Ice            0%         1d3       83%         1
 Call Imp                 Summ           0%         N/A       93%         2
 Corpse Rot               Necr/Air       0%         N/A       93%         2
 Wereblood                Tmut           0%         N/A       93%         2
 Frozen Ramparts          Ice            0%         1d2       99%         3
 Mephitic Cloud           Conj/Pois/Air  0%         N/A       99%         3
 Spider Form              Tmut/Pois      0%         N/A       99%         3
 Dispel Undead            Necr           0%         3d6       100%        4
 Hailstorm                Conj/Ice       0%         3d3       100%        4
 Ice Form                 Ice/Tmut       0%         N/A       100%        4
 Death Channel            Necr           0%         N/A       100%        6
 Simulacrum               Ice/Necr       0%         N/A       100%        6


Dungeon Overview and Level Annotations

Branches:
Dungeon (4/15)
 Temple: D:4-7

Altars:


Innate Abilities, Weirdness & Mutations

You have a somewhat thin skeletal structure. (Dex +2, Stealth+)
You sometimes emit foul miasma when damaged in melee.


Message History

You feel better. You block the killer bee's attack. x2
You feel very mighty all of a sudden. The killer bee completely misses you.
You block the killer bee's attack.
A red film seems to cover your vision as you go berserk!
You feel yourself moving faster!
You feel mighty! The killer bee misses you. The killer bee stings you.
You are poisoned.
The killer bee poisons you!
You emit a cloud of foul miasma!
You miss the killer bee.
The killer bee is almost dead.
You feel sick.
The killer bee is engulfed in dark miasma.
The killer bee is poisoned.
The killer bee seems to slow down.
The killer bee stings you.
You are more poisoned.
The killer bee poisons you!
You closely miss the killer bee.
The killer bee is almost dead.
You feel sick.
You kill the killer bee!
You have reached level 6!
Your demonic ancestry asserts itself...
Your foul stench grows more powerful.
You feel sick. You block the killer bee's attack. The killer bee stings you.
* * * LOW HITPOINT WARNING * * *
You barely miss the killer bee.
You feel sick. The killer bee stings you!
* * * LOW HITPOINT WARNING * * *
You are more poisoned.
The killer bee poisons you!
You hit the killer bee.
The killer bee is lightly wounded.
* * * LOW HITPOINT WARNING * * *
You feel very sick. You block the killer bee's attack. x2
You sock the killer bee!
You kill the killer bee!
* * * LOW HITPOINT WARNING * * *
You feel very sick. The killer bee stings you.
You die...

#...# ........ #...#
#...c.... #####...##
#........ #........#
#........ #........#
.....o.. #........#
#### #........#
.....
#........#####......
#.....>.....@yy.....
######+#######......
..... .... ... .. #


You could see 2 killer bees.

Vanquished Creatures
  A scorpion (D:4)
  2 killer bees (D:4)
  An orc priest (D:3)
  Terence (D:3)
  Robin (D:2)
  An adder (D:2)
  5 worms
  6 dart slugs
  8 orcs
  5 endoplasms
  5 giant cockroaches
  18 goblins
  8 hobgoblins
  2 quokkas (D:1)
  6 ball pythons
  8 bats
  5 kobolds
  6 rats
89 creatures vanquished.

Notes
Turn   | Place    | Note
-------+----------+-------------------------------------------
     0 | D:1      | Aksej the Demonspawn Gladiator began the quest for the Orb.
     0 | D:1      | Reached XP level 1. HP: 16/16 MP: 1/1
   134 | D:1      | Reached skill level 3 in Maces & Flails
   169 | D:1      | Gained mutation: You have a somewhat thin skeletal
                  | structure. (Dex +2, Stealth+) [demonic ancestry]
   169 | D:1      | Reached XP level 2. HP: 22/22 MP: 2/2
   275 | D:1      | Learned a level 1 spell: Magic Dart
   864 | D:1      | Reached XP level 3. HP: 26/27 MP: 1/3
  1043 | D:2      | Noticed Robin
  1506 | D:2      | Reached skill level 1 in Shields
  1718 | D:2      | Gained mutation: You may rarely emit foul miasma when
                  | damaged in melee. [demonic ancestry]
  1718 | D:2      | Reached XP level 4. HP: 22/34 MP: 4/4
  1930 | D:2      | Found a faded altar of an unknown god.
  2052 | D:2      | Killed Robin
  2943 | D:3      | Reached skill level 1 in Stealth
  3312 | D:3      | Reached XP level 5. HP: 36/41 MP: 5/5
  3433 | D:3      | Noticed Terence
  3439 | D:3      | Killed Terence
  3732 | D:4      | Reached skill level 1 in Armour
  3969 | D:4      | Identified the +0 cloak of Fug Zeul {rF+}
  4008 | D:4      | Noticed a centaur
  4058 | D:4      | Reached skill level 4 in Maces & Flails
  4239 | D:4      | Gained mutation: You sometimes emit foul miasma when
                  | damaged in melee. [demonic ancestry]
  4239 | D:4      | Reached XP level 6. HP: 23/47 MP: 6/6
  4242 | D:4      | HP: 1/70 [poisoned by a killer bee]
  4242 | D:4      | Slain by a killer bee

Illustrated notes

Levels and vault maps discovered:
D:1:      onia_arrival_pyramid, layout_loops_corners
D:2:      layout_rooms, ebering_ecumenical_altar_mist, grunt_ministairs_6,
          minmay_parallelograms, uniq_robin
D:3:      layout_loops_corners, chequers_serial_rivers_micro_b, uniq_terence
D:4:      layout_basic, uniq_grinder

Skill      XL: |  1  2  3  4  5 |
---------------+----------------+-----
Maces & Flails | 3 4 |  4.2
Shields        | 1 |  1.5
Dodging        | 3 |  3.2
Stealth        | 1 |  1.7
Fighting       | 3 |  3.4
Armour         | 1 |  1.3
Throwing       | |  1.9
Spellcasting   | |  0.1

Action                   |  1- 3 |  4- 6 || total
-------------------------+-------+-------++-------
Melee: Flail             |   112 |   140 ||   252
Throw: Throwing net      |       |     5 ||     5
  Use: Scroll            |     2 |     6 ||     8
       Potion            |       |     5 ||     5
 Stab: Sleeping          |     5 |     6 ||    11
       Distracted        |     1 |       ||     1
       Held in net/web   |       |     1 ||     1
Armor: Leather armour    |    36 |    30 ||    66
Dodge: Dodged            |    42 |    73 ||   115
Block: Kite shield       |    44 |    62 ||   106

Table legend: (Time is in decaauts)
 A = Elapsed time spent in this place.
 B = Non-inter-level travel time spent in this place.
 C = Inter-level travel time spent in this place.
 D = Time resting spent in this place.
 E = Time spent auto-exploring this place.
 F = Levels seen in this place.
 G = Mean time per level.
                   A        B        C        D        E       F      G
               +--------+--------+--------+--------+--------+-----+--------+
         Total |   4360 |   4182 |    178 |      0 |   3386 |   4 | 1090.0 |
       Dungeon |   4360 |   4182 |    178 |      0 |   3386 |   4 | 1090.0 |
               +--------+--------+--------+--------+--------+-----+--------+

Top non-repeatable levels by time:
     D:2: 1397 daAuts
     D:1: 1247 daAuts
     D:3: 1174 daAuts
     D:4: 542 daAuts
